 Dungeon Crawl Stone Soup version 0.28.0-49-g6dfe1f597d (webtiles) character file.

Game seed: 4826119453685217824

203 Exodus22XD the Chopper (level 5, -9/47 HPs)
             Began as a Minotaur Fighter on May 14, 2022.
             Was a Follower of Nemelex Xobeh.
             Mangled by Sigmund
             ... wielding a +0 scythe of distortion
              (11 damage)
             ... on level 3 of the Dungeon.
             The game lasted 00:01:34 (2392 turns).

Exodus22XD the Chopper (Minotaur Fighter)           Turns: 2392, Time: 00:01:35

Health: -9/47      AC:  7    Str: 23    XL:     5   Next: 51%
Magic:  4/4        EV:  9    Int:  5    God:    Nemelex Xobeh [*.....]
Gold:   130        SH:  4    Dex:  9    Spells: 4/4 levels left

rFire   . . .      SeeInvis .   a - +0 war axe
rCold   . . .      Faith    .   c - +0 buckler
rNeg    . . .      Spirit   .   b - +0 scale mail
rPois   .          Reflect  .   (helmet restricted)
rElec   .          Harm     .   (no cloak)
rCorr   .          Rampage  .   (no gloves)
Will    .....                   (no boots)
Stlth   ..........              (no amulet)
HPRegen 0.15/turn               (no ring)
MPRegen 0.09/turn               (no ring)

@: no status effects
A: horns 2, retaliatory headbutt
a: Renounce Religion, Draw Escape, Draw Destruction, Draw Summoning


You were on level 3 of the Dungeon.
You worshipped Nemelex Xobeh.
Nemelex Xobeh was aware of your devotion.
You visited 1 branch of the dungeon, and saw 3 of its levels.

You collected 130 gold pieces.

Inventory:

Hand Weapons
 a - a +0 war axe (weapon)
Armour
 b - a +0 scale mail (worn)
 c - a +0 buckler (worn)
 o - a scarf of shadows
Jewellery
 j - a ring of ice
Wands
 l - a wand of iceblast (5)
Scrolls
 e - a scroll of fear {unknown}
 f - a scroll of immolation {unknown}
 g - 2 scrolls of identify {unknown}
 h - a scroll of fog {unknown}
Potions
 d - a potion of might
 i - a potion of lignification {unknown}
 k - 2 potions of cancellation {unknown}
 m - a potion of curing {unknown}
 n - a potion of heal wounds {unknown}


   Skills:
 + Level 4.3 Fighting
 + Level 5.2 Axes
 + Level 4.9 Armour
 + Level 4.2 Shields
 * Level 0.1 Invocations


You had 4 spell levels left.
You didn't know any spells.
Your spell library contained the following spells:

 Spells                   Type           Power      Damage    Failure   Level
 Apportation              Tloc           0%         N/A       86%         1
 Sandblast                Erth           0%         2d4       86%         1
 Passwall                 Tmut/Erth      0%         N/A       95%         2
 Stone Arrow              Conj/Erth      0%         3d7       99%         3


Dungeon Overview and Level Annotations

Branches:
Dungeon (3/15)

Altars:
Nemelex Xobeh

Annotations:
D:3 Sigmund


Innate Abilities, Weirdness & Mutations

You have a pair of horns on your head.
You reflexively headbutt those who attack you in melee.


Message History

Key pressed, stopping explore.
No target in view!
No target in view!
Unknown command.
No target in view!
You see here a giant cockroach corpse.
You now have 130 gold pieces (gained 16).
Found an embroidered scarf.
No target in view!
Found a gnarled runed staff.
No target in view!
Found a ring mail.
Sigmund the Dreaded comes into view.
He is wielding a +0 scythe of distortion.
Sigmund shouts!
You see here a scarf of shadows.
o - a scarf of shadows
Okay, then.
Sigmund screams, "Only death can liberate you!"
Sigmund mumbles some strange words.
Sigmund flickers and vanishes!
Deactivating autopickup; reactivate with Ctrl-A.
You hear some strange, mumbled words.
You are confused.
You hear some strange, mumbled words.
A puff of flame appears from out of thin air!
The puff of flame hits you.
You closely miss something. Your headbutt misses something. Something hits you!
You hit something. Something hits you! Space warps horribly around you!!
* * * LOW HITPOINT WARNING * * *
Something hits you but does no damage.
You blink.
You bump into the rock wall.
You feel less confused. Something hits you.
* * * LOW HITPOINT WARNING * * *
You blink.
Something hits you.
* * * LOW HITPOINT WARNING * * *
Space warps horribly around you!
You die...
Your body glows slightly and disappears.

#.# #.# #.#
######.# #......#
#.################
#.#...............
#.#.##############
#@#.# #.#.# #.#.#
#...# #####


There were no monsters in sight!

Vanquished Creatures
  A necrophage (D:3)
  5 adders
  A worm (D:3)
  8 bats
  7 endoplasms
  4 giant cockroaches
  3 hobgoblins (D:1)
  10 jackals
  6 kobolds
  6 ball pythons
  3 frilled lizards
  6 goblins
  6 rats
66 creatures vanquished.

Notes
Turn   | Place    | Note
-------+----------+-------------------------------------------
     0 | D:1      | Exodus22XD the Minotaur Fighter began the quest for the
                  | Orb.
     0 | D:1      | Reached XP level 1. HP: 19/19 MP: 0/0
   299 | D:1      | Reached XP level 2. HP: 20/27 MP: 1/1
   812 | D:1      | Reached skill level 3 in Axes
  1068 | D:2      | Reached XP level 3. HP: 31/33 MP: 2/2
  1563 | D:2      | Reached XP level 4. HP: 40/40 MP: 3/3
  1670 | D:2      | Reached skill level 4 in Axes
  1771 | D:3      | Noticed a necrophage
  1782 | D:3      | Killed a necrophage
  1783 | D:3      | Reached XP level 5. HP: 26/47 MP: 4/4
  1986 | D:3      | Reached skill level 5 in Axes
  2095 | D:3      | Identified the +0 ring mail of Hedging {Contam Rampage
                  | SInv}
  2136 | D:3      | Found a faded altar of an unknown god.
  2147 | D:3      | Got Plato's Volume of the Voyage
  2148 | D:3      | Prayed at the altar of an unknown god.
  2148 | D:3      | Became a worshipper of Nemelex Xobeh the Trickster
  2148 | D:3      | Reached * piety under Nemelex Xobeh
  2364 | D:3      | Noticed Sigmund
  2392 | D:3      | HP: 2/47 [something (3)]
  2392 | D:3      | Mangled by Sigmund

Illustrated notes

Levels and vault maps discovered:
D:1:      evilmike_arrival_fibonacci_small, layout_basic
D:2:      minmay_skewed_foursquare, layout_loops_ring, serial_glass,
          glass_columns_a, glass_columns_b
D:3:      layout_basic, tso_oasis_becter, shapermc_ecumenical_altar_rom_forum,
          uniq_sigmund

Skill      XL: |  1  2  3  4  5 |
---------------+----------------+-----
Armour         | 4 |  4.9
Fighting       | 4 |  4.3
Axes           | 3 4 5 |  5.2
Shields        | 4 |  4.2
Invocations    | |  0.1

Action                   |  1- 3 |  4- 6 || total
-------------------------+-------+-------++-------
Melee: War axe           |    89 |    53 ||   142
       Headbutt          |    10 |     4 ||    14
Armor: Scale mail        |    42 |    38 ||    80
Dodge: Dodged            |    46 |    28 ||    74
Block: Buckler           |    20 |     9 ||    29
